 Dungeon Crawl Stone Soup version 0.18.1-1-g2f07953 (webtiles) character file.

31 oplop the Insei (level 3, -5/23 HPs)
             Began as an Octopode Transmuter on May 7, 2016.
             Slain by a hobgoblin
             ... wielding a +0 club
              (6 damage)
             ... on level 2 of the Dungeon.
             The game lasted 00:01:17 (1001 turns).

oplop the Insei (Octopode Transmuter)               Turns: 1001, Time: 00:01:17

Health: -5/23      AC:  1    Str:  9    XL:     3   Next: 22%
Magic:  5/6        EV: 18    Int: 16    God:
Gold:   41         SH:  0    Dex: 17    Spells: 1 memorised, 6 levels left

rFire  . . .     SeeInvis .       - Unarmed
rCold  . . .     Gourm    .     (no shield)
rNeg   . . .     Faith    .     (helmet restricted)
rPois  .         Spirit   .     e - amulet of regeneration
rElec  .         Dismiss  .     (no ring)
rCorr  .         Reflect  .     (no ring)
SustAt .         Harm     .     (no ring)
MR     .....                    (no ring)
Stlth  ++++......               (no ring)
                                (no ring)
                                (no ring)
                                (no ring)

@: agile, lethally poisoned (-5 -> -6), appendage (expiring), not resistant to
hostile enchantments, stealthy
A: almost no armour, amphibious, 8 rings, constrict 8, tentacle spike 3,
camouflage 1, gelatinous body 1
a: End Transformation


You were on level 2 of the Dungeon.
You were not hungry.
One of your tentacles had a temporary spike.
You visited 1 branch of the dungeon, and saw 2 of its levels.

You collected 41 gold pieces.

Inventory:

Missiles
 a - 36 arrows
Jewellery
 e - an amulet of regeneration (around mantle)
 j - a cursed ring of teleportation {unknown}
Scrolls
 f - a scroll of noise {unknown}
 h - a scroll of immolation {unknown}
 i - a scroll of fog {unknown}
 k - 2 scrolls of identify {unknown}
Books
 b - a book of Changes

   Spells                             Type                      Level
   a - Beastly Appendage              Transmutation                1
   b - Sticks to Snakes               Transmutation                2
   c - Spider Form                    Transmutation/Poison         3
   d - Ice Form                       Ice/Transmutation            4
   e - Blade Hands                    Transmutation                5
Comestibles
 c - a bread ration
 g - 2 fruits
 l - a beef jerky


   Skills:
 + Level 1.2 Fighting
 + Level 2.1 Dodging
 - Level 3.0 Unarmed Combat
 + Level 2.6 Spellcasting
 * Level 2.7 Transmutations


You had 6 spell levels left.
You knew the following spells:

 Your Spells              Type           Power        Failure   Level  Hunger
a - Beastly Appendage     Trmt           ##....       10%         1    #......


Dungeon Overview and Level Annotations

Branches:
Dungeon (2/15)

Altars:


Innate Abilities, Weirdness & Mutations

You cannot wear most types of armour.
You are amphibious.
You can wear up to eight rings at the same time.
You can use your tentacles to constrict eight enemies at once.
Your skin changes colour to match your surroundings (Stealth).
Your rubbery body absorbs attacks (AC +1).
One of your tentacles bears a large vicious spike.


Message History

* * * LOW HITPOINT WARNING * * *
You feel sick. The giant cockroach closely misses you.
The hobgoblin misses you. The giant cockroach misses you.
There is a stone staircase leading up here.
Unknown command.
You aren't carrying any potions.
You tentacle-slap the dart slug but do no damage.
You grab the dart slug.
You pierce the dart slug, but do no damage.
You constrict the dart slug.
* * * LOW HITPOINT WARNING * * *
You feel sick. The giant cockroach barely misses you.
The dart slug completely misses you.
You tentacle-slap the dart slug but do no damage.
You pierce the dart slug.
The dart slug is moderately wounded.
You constrict the dart slug.
* * * LOW HITPOINT WARNING * * *
You feel sick. The hobgoblin hits you with a club.
You die...

#.# # ... #.
#.# ## <##.##.
.#.#. ... #.#
##†######.
..(..#gw.......
#..s@.g....#
###..#####.#
....# ####.#
#.# #.# #.. ###


You could see a dart slug, a giant cockroach, a hobgoblin and a goblin.

Vanquished Creatures
  An adder (D:2)
  2 giant geckos (D:1)
  A ball python (D:1)
  2 goblins (D:1)
  4 hobgoblins (D:1)
  4 bats (D:1)
  A giant newt (D:1)
  4 kobolds (D:1)
  A rat (D:1)
20 creatures vanquished.

Notes
Turn   | Place    | Note
--------------------------------------------------------------
     0 | D:1      | oplop the Octopode Transmuter began the quest for the Orb.
     0 | D:1      | Reached XP level 1. HP: 13/13 MP: 3/3
   105 | D:1      | Reached XP level 2. HP: 14/18 MP: 5/5
   997 | D:2      | Reached XP level 3. HP: 5/23 MP: 4/6
  1001 | D:2      | HP: 1/23 [poisoned by an adder]
  1001 | D:2      | Slain by a hobgoblin

Action                   || total
-------------------------++-------
Melee: Unarmed           ||    42
       Constrict         ||    12
       Kick              ||    15
       Tentacles         ||     4
 Cast: Beastly Appendage ||    10
  Use: Potion            ||     1
 Stab: Sleeping          ||     3
Armor: Skin              ||     3
Dodge: Dodged            ||    30
